 Dungeon Crawl Stone Soup version bcrawl-1.40.3b (webtiles) character file.

Game seed: 12984953961937159123

374338 Finalfun the Fighter (level 9, -1/103 HPs)
             Began as an Ent Fighter on Mar 13, 2024.
             Was a Priest of the Shining One.
             Slain by a warg (7 damage)
             ... on level 7 of the Dungeon.
             The game lasted 00:13:10 (5011 turns).

Finalfun the Fighter (Ent Fighter)                  Turns: 5011, Time: 00:13:11

Health: -1/103     AC: 17    Str: 27    XL:     9   Next: 62%
Magic:  13/13      EV:  9    Int:  9    God:    the Shining One [***...]
Gold:   595        SH:  9    Dex:  9    Spells: 8/8 levels left

rFire    . . .     GDR:     30% a - +0 trident
rCold    . . .     SeeInvis .   b - +0 medium shield
rNeg     + + +     Gourm    .   (armour unavailable)
rPois    +         Faith    .   (helmet restricted)
rElec    .         Spirit   .   k - +0 cloak
rCorr    .         Reflect  .   (gloves unavailable)
MR       .....                  (boots unavailable)
Stlth    +.........             (no amulet)
HPRegen  0.27/turn              (no ring)
MPRegen  0.13/turn              (no ring)

@: glowing, very slow
A: large, slow actions, passwall, strong branches, negative energy resistance 3,
poison resistance, slow metabolism 1, torment resistance, unbreathing, AC +16
a: Passwall, Divine Shield, Cleansing Flame, Renounce Religion


You were on level 7 of the Dungeon.
You worshipped the Shining One.
The Shining One was most pleased with you.
You were near starving.

You visited 1 branch of the dungeon, and saw 7 of its levels.

You collected 595 gold pieces.

Inventory:

Hand Weapons
 a - a +0 trident (weapon)
Missiles
 m - 150 poisoned tomahawks (quivered)
 v - 236 javelins
Armour
 b - a +0 medium shield (worn)
 k - a +0 cloak (worn)
Wands
 i - a wand of iceblast (9)
 u - a wand of polymorph (4)
Scrolls
 f - a scroll of teleportation
 g - 2 scrolls of blinking {unknown}
 h - a scroll of fog
 p - 3 scrolls of remove curse
 q - 2 scrolls of enchant weapon {unknown}
 r - 3 scrolls of revelation {unknown}
 s - a scroll of immolation {unknown}
 t - a scroll of fear {unknown}
 y - a scroll of noise {unknown}
Potions
 c - 2 potions of might
 j - 2 potions of mutation
 l - 2 potions of agility
 o - 2 potions of magic
Comestibles
 e - 15 rations {!d}


   Skills:
 - Level 8.0 Fighting
 - Level 8.0 Polearms
 + Level 6.8 Dodging
 - Level 2.0 Stealth
 - Level 4.0 Shields
 - Level 6.0 Invocations


You had 8 spell levels left.
You didn't know any spells.
Your spell library was empty.

Dungeon Overview and Level Annotations

Branches:
Dungeon (7/12)             Temple (0/1) D:5            Lair (0/6) D:7

Altars:
Cheibriados
Gozag
Okawaru
Ru
Zin
The Shining One

Shops:
D:7 [

Annotations:
D:4 1 runed translucent door, yrara's ghost, amateur DsFi


Innate Abilities, Weirdness & Mutations

You move and act slowly.
You can pass through walls and trees.
Your branches can wield two-handed weapons with a shield.
Your thick bark is tough. (AC +16)
You are too large for most types of armour.
You are immune to negative energy. (rN+++)
Your system is resistant to poisons. (rPois)
You have a slow metabolism.
You are immune to unholy pain and torment.
You can survive without breathing.


Message History

Press: ? - help, Shift-Dir - straight line, f/p - warg
Aim: a warg (heavily wounded, haloed)
You throw a poisoned tomahawk.
The poisoned tomahawk hits the warg but does no damage.
The warg is poisoned.
The warg is heavily wounded.
The warg closely misses you. The warg bites you!
* * * LOW HITPOINT WARNING * * *
The warg bites you!
* * * LOW HITPOINT WARNING * * *
Throwing (i - inventory. (/) - cycle)
m - 151 poisoned tomahawks (quivered)
Press: ? - help, Shift-Dir - straight line, f/p - warg
Aim: a warg (heavily wounded, poisoned, haloed)
You throw a poisoned tomahawk. The poisoned tomahawk hits the warg.
The warg is severely wounded.
You block the warg's attack. The warg closely misses you.
You hit the warg.
The warg is almost dead.
The warg bites you!
You die...

#.#
...#........#..#
#.#
#.##.###..###..#
#.# #.#. ####
.).# #.# #.#
#.#.# #.# #.#
#.#.#
#######.####..
###.#
...........#.#
#######.####.#
#.# #@##
######.####h)#
#.......h..#.#
####...###.#...
#.....##.#####
#.......#.#
#..P....#.#
#..........#
#......)...#


You could see a warg.

Vanquished Creatures
  A hornet (D:5)
  A meliai zombie (D:6)
  A steam dragon (D:7)
  A warg (D:7)
  A sky beast (D:7)
  A phantom (D:4)
  3 orc warriors
  2 ogres (D:5)
  7 bullfrogs
  2 centaurs
  3 scorpions
  5 orc priests
  5 crimson imps
  5 howler monkeys
  4 hounds
  2 jellies
  An orc wizard (D:5)
  Terence (D:2)
  An iguana (D:6)
  3 worker ants
  2 hound skeletons
  6 adders
  2 gnolls (D:7)
  A howler monkey skeleton (D:4)
  5 shadow imps
  An ooze (D:3)
  2 adder skeletons (D:4)
  7 worms
  4 dart slugs
  4 leopard geckos
  27 orcs
  5 goblins
  5 hobgoblins
  7 jackals
  4 quokkas
  A bat (D:3)
  2 frilled lizards (D:1)
  7 kobolds
  8 rats
150 creatures vanquished.

Notes
Turn   | Place    | Note
-------+----------+-------------------------------------------
     0 | D:1      | Finalfun the Ent Fighter began the quest for the Orb.
     0 | D:1      | Reached XP level 1. HP: 25/25 MP: 1/1
   156 | D:1      | Reached XP level 2. HP: 25/33 MP: 2/2
   753 | D:2      | Noticed Terence
   767 | D:2      | Killed Terence
   768 | D:2      | Reached XP level 3. HP: 29/42 MP: 3/3
   883 | D:2      | Found a glowing golden altar of the Shining One.
  1094 | D:2      | Reached XP level 4. HP: 50/51 MP: 4/4
  1099 | D:2      | Reached skill level 1 in Stealth
  1533 | D:2      | Became a worshipper of the Shining One
  1850 | D:3      | Found an opulent altar of Gozag.
  1931 | D:3      | Reached XP level 5. HP: 58/58 MP: 5/5
  2276 | D:4      | Found an iron altar of Okawaru.
  2290 | D:4      | Found a transporter.
  2319 | D:4      | Reached * piety under the Shining One
  2359 | D:4      | Reached XP level 6. HP: 32/67 MP: 6/6
  2448 | D:4      | Found a transporter.
  2543 | D:4      | Reached skill level 5 in Fighting
  2746 | D:4      | Reached XP level 7. HP: 80/81 MP: 7/7
  2748 | D:4      | Found a runed translucent door.
  2749 | D:4      | Noticed yrara's ghost (amateur DsFi)
  2795 | D:4      | Found a glowing silver altar of Zin.
  3166 | D:5      | Entered Level 5 of the Dungeon
  3190 | D:5      | Reached skill level 5 in Polearms
  3190 | D:5      | Found a staircase to the Ecumenical Temple.
  3202 | D:5      | Found a sacrificial altar of Ru.
  3249 | D:5      | Noticed a hornet
  3262 | D:5      | Killed a hornet
  3313 | D:5      | Reached XP level 8. HP: 89/89 MP: 8/10
  3417 | D:5      | Reached ** piety under the Shining One
  3477 | D:5      | Reached skill level 5 in Invocations
  4264 | D:6      | Reached XP level 9. HP: 94/103 MP: 13/13
  4287 | D:6      | Found a sacrificial altar of Ru.
  4593 | D:6      | Found a snail-covered altar of Cheibriados.
  4709 | D:7      | Reached skill level 5 in Dodging
  4713 | D:7      | Found Egyraw's Armour Emporium.
  4820 | D:7      | Found a snail-covered altar of Cheibriados.
  4866 | D:7      | Reached *** piety under the Shining One
  4909 | D:7      | HP: 3/103 [something (17)]
  4976 | D:7      | Found a staircase to the Lair.
  5009 | D:7      | HP: 5/103 [warg (12)]
  5011 | D:7      | Slain by a warg

Skill      XL: |  1  2  3  4  5  6  7  8  9 |
---------------+----------------------------+-----
Dodging        | 3 4 6 |  6.8
Polearms       | 3 6 7 8 |  8.0
Fighting       | 4 6 8 |  8.0
Stealth        | 2 |  2.0
Shields        | 3 4 |  4.0
Invocations    | 3 6 |  6.0

Action                   |  1- 3 |  4- 6 |  7- 9 || total
-------------------------+-------+-------+-------++-------
Melee: Trident           |   102 |   184 |   233 ||   519
Throw: Tomahawk          |       |     4 |    41 ||    45
Invok: Divine Shield     |       |       |     2 ||     2
  Use: Scroll            |     2 |     5 |     2 ||     9
       Potion            |       |       |     4 ||     4
 Stab: Sleeping          |       |     1 |       ||     1
  Eat: Chunk             |     3 |    11 |    13 ||    27
Armor: Skin              |    36 |    87 |   141 ||   264
Dodge: Dodged            |    25 |    40 |   124 ||   189
Block: Medium shield     |    37 |    77 |   200 ||   314
